 Dungeon Crawl Stone Soup version 0.23.1-37-gaa34b87 (webtiles) character file.

Game seed: 5413158142209921868

168 Yixers the Sneak (level 5, -3/27 HPs)
             Began as a Spriggan Assassin on Mar 22, 2019.
             Killed by divine providence
             ... invoked by an orc priest
              (14 damage)
             ... on level 3 of the Dungeon.
             The game lasted 00:11:04 (3886 turns).

Yixers the Sneak (Spriggan Assassin)                Turns: 3886, Time: 00:11:05

Health: -3/27      AC:  3    Str:  7    XL:     5   Next: 24%
Magic:  6/6        EV: 17    Int: 12    God:
Gold:   182        SH:  6    Dex: 19    Spells: 4/4 levels left

rFire    . . .     SeeInvis +   b - +0 hunting sling
rCold    . . .     Gourm    .   u - +0 buckler
rNeg     . . .     Faith    .   i - +0 robe
rPois    .         Spirit   .   (helmet restricted)
rElec    .         Reflect  .   d - +0 cloak
rCorr    .         Harm     .   (gloves unavailable)
MR       .....                  (boots unavailable)
Stlth    ++++......             (no amulet)
HPRegen  0.09/turn              (no ring)
MPRegen  0.10/turn              (no ring)

@: very quick
A: very small, unfitting armour, see invisible, herbivore, speed 3, slow
metabolism 2
a: no special abilities


You were on level 3 of the Dungeon.
You were hungry.

You visited 1 branch of the dungeon, and saw 3 of its levels.

You collected 182 gold pieces.

Inventory:

Hand Weapons
 a - a +2 dagger
 b - a +0 hunting sling (weapon)
 c - a +0 blowgun
Missiles
 f - 2 curare-tipped needles
 p - 76 stones (quivered)
 A - 23 sling bullets
 D - 6 needles of confusion
Armour
 d - a +0 cloak (worn)
 i - a +0 robe (worn)
 u - a +0 buckler (worn)
Scrolls
 h - a scroll of fog {unknown}
 j - a scroll of enchant weapon {unknown}
 l - 5 scrolls of identify {unknown}
 m - 4 scrolls of remove curse {unknown}
 s - 3 scrolls of amnesia {unknown}
 t - a scroll of enchant armour {unknown}
 y - a scroll of noise {unknown}
 z - a scroll of teleportation {unknown}
Potions
 k - 4 potions of brilliance {unknown}
 n - 2 potions of magic {unknown}
 o - 2 potions of flight {unknown}
 q - a potion of cancellation {unknown}
 r - 2 potions of berserk rage {unknown}
 v - a potion of mutation {unknown}
 w - a potion of might {unknown}
 x - a potion of degeneration {unknown}
 B - a potion of haste {unknown}
 C - a potion of heal wounds {unknown}
Comestibles
 g - 6 rations


   Skills:
 * Level 2.5 Fighting
 + Level 2.7 Short Blades
 * Level 2.6(3.5) Slings
 * Level 2.8(3.2) Throwing
 + Level 2.7 Dodging
 + Level 6.2 Stealth
 * Level 1.0 Shields


You had 4 spell levels left.
You didn't know any spells.
Your spell library was empty.

Dungeon Overview and Level Annotations

Branches:
Dungeon (3/15)

Altars:
Wu Jian


Innate Abilities, Weirdness & Mutations

You are very small and have problems with some larger weapons.
You are too small for most types of armour.
You have supernaturally acute eyesight. (SInv)
You are a herbivore.
You cover ground extremely quickly.
You need to consume almost no food.


Message History

The magic dart hits you.
The orc priest calls upon Beogh to heal the orc wizard.
The orc wizard is healed somewhat.
Firing (i - inventory. (/) - cycle)
p - 78 stones (quivered)
Press: ? - help, Shift-Dir - straight line, f/p - orc wizard
Aim: an orc wizard, wielding a +0 dagger and wearing a +0 robe (heavily wounded)
You shoot a stone. The stone hits the orc wizard.
The orc wizard is almost dead.
Firing (i - inventory. (/) - cycle)
p - 77 stones (quivered)
Press: ? - help, Shift-Dir - straight line, f/p - orc wizard
Aim: an orc wizard, wielding a +0 dagger and wearing a +0 robe (almost dead)
You shoot a stone.
The stone hits the orc wizard but does no damage.
The orc wizard is almost dead.
The orc wizard points at you and mumbles some strange words.
The puff of flame hits you.
The orc priest mumbles some strange prayers to Beogh against you.
Beogh smites you!
Ouch! That really hurt!
You die...

............###.......#
.......####.# #.####..#
##.###.# #.# #.####..###
##.# #.# #.# #.........#
##.# #.# #.# #.####..#.#
##.# #.# #.# #.# #..#.#
...# #.# #.###.####..#.#
.#####.####...........#.#
.###...)........@....##.#
.........#######.######[#
.......#.# #.# #.#
.#.....#.# #o# #.#
##.##..#.# ##(## #.#
#.....#.# #.o.# #.#
#.##.##.# ###(..#####.#
##.##.##.# #.(.(...##..#
...##.##.# #(........#.#


You could see an orc priest and an orc wizard.

Vanquished Creatures
  An orc priest (D:3)
  7 adders
  A worm (D:3)
  3 dart slugs
  3 leopard geckos (D:2)
  4 orcs (D:3)
  9 bats
  5 giant cockroaches
  6 goblins
  7 hobgoblins
  2 quokkas
  A ball python (D:3)
  4 frilled lizards
  4 kobolds
  5 rats
62 creatures vanquished.

Notes
Turn   | Place    | Note
-------+----------+-------------------------------------------
     0 | D:1      | Yixers the Spriggan Assassin began the quest for the Orb.
     0 | D:1      | Reached XP level 1. HP: 10/10 MP: 2/2
   455 | D:1      | Reached XP level 2. HP: 15/15 MP: 3/3
   502 | D:1      | Reached skill level 1 in Slings
   886 | D:1      | Reached skill level 6 in Stealth
  1189 | D:2      | Reached XP level 3. HP: 18/18 MP: 4/4
  1767 | D:2      | Reached XP level 4. HP: 23/23 MP: 5/5
  1892 | D:2      | Found an ornate altar of the Wu Jian Council.
  3676 | D:3      | Reached XP level 5. HP: 27/27 MP: 6/6
  3835 | D:3      | Reached skill level 1 in Shields
  3886 | D:3      | Killed from afar by an orc priest

Skill      XL: |  1  2  3  4  5 |
---------------+----------------+-----
Slings         | 1 2 |  2.6
Fighting       | 2 |  2.5
Dodging        | 2 |  2.7
Stealth        | 6 |  6.2
Shields        | 1 |  1.0
Short Blades   | |  2.7
Throwing       | |  2.8

Action                   |  1- 3 |  4- 6 || total
-------------------------+-------+-------++-------
Melee: Dagger            |    91 |    92 ||   183
 Fire: Blowgun           |    16 |    16 ||    32
       Hunting sling     |     3 |    54 ||    57
Throw: Stone             |       |    14 ||    14
 Stab: Sleeping          |    10 |     2 ||    12
       Distracted        |     1 |       ||     1
Armor: Robe              |     8 |    17 ||    25
Dodge: Dodged            |    64 |    74 ||   138
Block: Buckler           |    11 |    27 ||    38
